[Event "Early-Titled-Tuesday-Blitz-November-28-2023"]
[Site "Chess.com"]
[Date "2023.11.28"]
[Round "6"]
[White "DDTerziev04"]
[Black "Aisen1011"]
[Result "0-1"]
[WhiteElo "2132"]
[BlackElo "2435"]
[TimeControl "180+1"]
[EndTime "9:11:24 PST"]
[Termination "Aisen1011 won by resignation"]

1. e4 e5 2. Nf3 Nc6 3. Bc4 Bc5 4. d3 Nf6 5. O-O O-O 6. h3 h6 7. Nbd2 a5 8. Re1 d6 9. c3 Be6 10. Bb3 Qb8 11. Nf1 Qa7 12. Be3 Bxe3 13. Nxe3 a4 14. Bc2 a3 15. b3 Qc5 16. Qd2 b5 17. d4 exd4 18. cxd4 Qb4 19. Qd1 d5 20. exd5 Nxd5 21. Nxd5 Bxd5 22. Qd3 g6 23. Rad1 Rad8 24. Nh4 Rd6 25. Qe3 Re6 26. Qxh6 Rxe1+ 27.
Kh2 Qd6+ 28. g3 Re2 29. Rd2 Rxd2 30. Qxd2 Re8 31. Qg5 Nxd4 0-1

[Event "Early-Titled-Tuesday-Blitz-November-28-2023"]
[Site "Chess.com"]
[Date "2023.11.28"]
[Round "6"]
[White "talaicito"]
[Black "ElVital"]
[Result "1-0"]
[WhiteElo "2222"]
[BlackElo "2362"]
[TimeControl "180+1"]
[EndTime "9:11:29 PST"]
[Termination "talaicito won by resignation"]

1. d4 Nf6 2. Nc3 d5 3. Bf4 a6 4.
e3 b5 5. Nf3 c5 6. dxc5 e6 7.
b4 Nc6 8. a3 Be7 9. Bd3 O-O 10.
O-O Nd7 11. Be2 Bf6 12. Qd2 e5 13. Bg3 d4 14. Ne4 Bb7 15. Nd6 dxe3 16. fxe3 Qc7 17. Rad1 Rad8 18. c4 bxc4 19. Bxc4 Be7 20. Qa2 Bxd6 21. Rxd6 Rde8 22. Ng5 Nf6 23. Rdxf6 gxf6 24. Rxf6 Qe7 25. Qf2 Nd8 26. Qf5 1-0

[Event "Early-Titled-Tuesday-Blitz-November-28-2023"]
[Site "Chess.com"]
[Date "2023.11.28"]
[Round "6"]
[White "lefonghua"]
[Black "sergiochess83"]
[Result "0-1"]
[WhiteElo "2709"]
[BlackElo "2887"]
[TimeControl "180+1"]
[EndTime "9:11:34 PST"]
[Termination "sergiochess83 won by resignation"]

1. d4 Nf6 2. c4 g6 3. Nc3 d5 4. cxd5 Nxd5 5. e4 Nxc3 6. bxc3 Bg7 7. Nf3 c5 8. Rb1 O-O 9. Be2 b6 10. O-O Ba6 11. Bxa6 Nxa6 12. Qd3 Nc7 13. d5 Qd7 14. c4 e5 15. Qc2 Ne8 16. a4 Nd6 17. Re1 h6 18. Bd2 f5 19. exf5 e4 20. Nh4 g5 21.
Ng6 Rxf5 22. Rxe4 Nxe4 23. Qxe4 Re8 24. Qd3 Qf7 25. g4 Rxf2 26. d6 Bd4 0-1

[Event "Early-Titled-Tuesday-Blitz-November-28-2023"]
[Site "Chess.com"]
[Date "2023.11.28"]
[Round "6"]
[White "MasterKroket"]
[Black "VladimirBugayev"]
[Result "0-1"]
[WhiteElo "2486"]
[BlackElo "2337"]
[TimeControl "180+1"]
[EndTime "9:11:34 PST"]
[Termination "VladimirBugayev won by resignation"]

1. e4 c6 2. d4 d5 3. e5 Bf5 4.
Nf3 e6 5. Be2 Nd7 6. Nbd2 Ne7 7.
Nb3 a6 8. a4 Nc8 9. a5 Na7 10.
O-O Be7 11. Be3 Qc7 12. Rc1 O-O 13. Nfd2 c5 14. c4 cxd4 15. Bxd4 dxc4 16. Nxc4 Nc6 17. Bc3 Ndxe5 18. Bxe5 Nxe5 19. Nb6 Nc6 20. Nxa8 Rxa8 21. Bf3 Qe5 22. Re1 Qxb2 23. Bxc6 bxc6 24. Qd7 Bb4 25. Qxc6 Rf8 26. Nd4 Bxe1 27. Rxe1 Qxd4 0-1

[Event "Early-Titled-Tuesday-Blitz-November-28-2023"]
[Site "Chess.com"]
[Date "2023.11.28"]
[Round "6"]
[White "StellarChessPro"]
[Black "nicolochessit"]
[Result "1-0"]
[WhiteElo "2531"]
[BlackElo "2344"]
[TimeControl "180+1"]
[EndTime "9:11:38 PST"]
[Termination "StellarChessPro won on time"]

1. b3 Nf6 2. Bb2 e6 3. e3 d5 4. Nf3 c5 5. d4 Nc6 6. dxc5 Bxc5 7. a3 O-O 8. Nbd2 Re8 9. Ne5 Nxe5 10. Bxe5 Bd6 11.
Bb2 e5 12. Be2 Bf5 13. O-O Qc7 14. c4 e4 15. h3 Be5 16. Bxe5 Rxe5 17. Rc1 Qe7 18.
b4 Rd8 19. Qc2 d4 20. Qb2 d3 21. Bd1 Nh5 22. Bxh5 Bxh3 23. Nxe4 Rxe4 24. Bf3 Re5 25. Rcd1 Qg5 26. Qc3 Rf5 27. Bxb7 Rfd5 28. g3 Qf5 29. f3 Qg5 30. Qe1 1-0

[Event "Early-Titled-Tuesday-Blitz-November-28-2023"]
[Site "Chess.com"]
[Date "2023.11.28"]
[Round "6"]
[White "Shield12"]
[Black "Pastore1978"]
[Result "1-0"]
[WhiteElo "2926"]
[BlackElo "2497"]
[TimeControl "180+1"]
[EndTime "9:11:40 PST"]
[Termination "Shield12 won on time"]

1. e4 e6 2. d4 d5 3. exd5 exd5 4. Nf3 Bd6 5. c4 c6 6. cxd5 cxd5 7. Nc3 Ne7 8. Bd3 Nbc6 9. O-O Bg4 10. h3 Bh5 11.
Re1 Nxd4 12. g4 Nxf3+ 13. Qxf3 Bg6 14. Bxg6 hxg6 15. Nxd5 O-O 16. Nxe7+ Bxe7 17. Qxb7 Bd6 18. Qf3 Rb8 19. b3 Qa5 20. Be3 Qe5 21. Bxa7 Qh2+ 22.
Kf1 Rbe8 23. Rxe8 Rxe8 24. Rd1 Bb4 25. Be3 Bd6 26. a4 Re6 27. g5 Re5 28. Rxd6 Rf5 29. Rd8+ Kh7 30. Qg4 Qh1+ 31. Ke2 1-0

[Event "Early-Titled-Tuesday-Blitz-November-28-2023"]
[Site "Chess.com"]
[Date "2023.11.28"]
[Round "6"]
[White "AlexTruskavetsky"]
[Black "SharapovEvgeny"]
[Result "1/2-1/2"]
[WhiteElo "2491"]
[BlackElo "2600"]
[TimeControl "180+1"]
[EndTime "9:11:49 PST"]
[Termination "Game drawn by repetition"]

1. d4 Nf6 2. c4 e6 3. Nc3 Bb4 4. e3 c5 5. a3 Bxc3+ 6. bxc3 d6 7. Bd3 Nc6 8. Ne2 e5 9. O-O O-O 10. d5 Ne7 11. e4 Nh5 12. f4 exf4 13. Nxf4 Nxf4 14.
Bxf4 Ng6 15. Bg3 f6 16. h4 Ne5 17. Bxe5 fxe5 18. Rxf8+ Qxf8 19. Qe2 Bd7 20. Rf1 Qe7 21. g3 Rf8 22. Rxf8+ Qxf8 23. Qf2 Qxf2+ 24. Kxf2 Kf7 25. Kf3 h6 26. g4 g5 27. h5 Ke7 28. Be2 Kd8 29.
Ke3 Kc7 30. Kd2 Kb6 31. Kc2 Ba4+ 32. Kb2 Ka5 33. Bf3 b5 34. Be2 b4 35. axb4+ cxb4 36. Bf3 bxc3+ 37. Kxc3 Kb6 38. Be2 Kc5 39. Bf3 a5 40.
Be2 Bd7 41. Bf3 Bc8 42. Be2 Ba6 43. Kb3 a4+ 44. Kxa4 Bxc4 45. Bxc4 Kxc4 46. Ka5 Kd4 47. Kb5 Kxe4 48. Kc6 Kf4 49. Kxd6 e4 50. Kc6 e3 51. d6 e2 52. d7 e1=Q 53. d8=Q Qe6+ 54. Kc5 Kxg4 55.
Qd1+ Kh4 56. Qh1+ Qh3 57. Qe1+ Kxh5 58. Qe2+ Qg4 59. Qh2+ Kg6 60. Qd6+ Kh5 61. Qh2+ Qh4 62. Qe2+ g4 63. Qe8+ Kg5 64. Qe7+ Kh5 65. Qf7+ Kg5 66. Qe7+ Kh5 67. Qf7+ Kg5 68. Qe7+ 1/2-1/2

[Event "Early-Titled-Tuesday-Blitz-November-28-2023"]
[Site "Chess.com"]
[Date "2023.11.28"]
[Round "6"]
[White "kkpanu9"]
[Black "Casper"]
[Result "1-0"]
[WhiteElo "2079"]
[BlackElo "2410"]
[TimeControl "180+1"]
[EndTime "9:11:49 PST"]
[Termination "kkpanu9 won by resignation"]

1. e4 c5 2. Nf3 d6 3. d4 Nf6 4.
Nc3 cxd4 5. Nxd4 Nc6 6. Bg5 Bd7 7. Qd2 Rc8 8. O-O-O Nxd4 9. Qxd4 Qa5 10. Be3 a6 11.
Kb1 g6 12. Qd2 Bg7 13. f3 Be6 14. Nd5 Qxd2 15. Nxf6+ Bxf6 16. Rxd2 h5 17. h4 Rc6 18. Be2 b5 19. g3 Bc4 20. Bxc4 bxc4 21. Bd4 Bxd4 22. Rxd4 Kd7 23. e5 Rb8 24. exd6 e5 25. Rd5 Rcb6 26. b3 cxb3 27. axb3 Rb5 28. Rhd1 f6 29. Kb2 a5 30. Rxb5 Rxb5 31. c4 Rb6 32.
Kc3 Rxd6 33. Ra1 Rd1 34. Rxd1+ 1-0

[Event "Early-Titled-Tuesday-Blitz-November-28-2023"]
[Site "Chess.com"]
[Date "2023.11.28"]
[Round "6"]
[White "PattyCastillo"]
[Black "Haykoooo0o"]
[Result "0-1"]
[WhiteElo "2036"]
[BlackElo "2422"]
[TimeControl "180+1"]
[EndTime "9:11:51 PST"]
[Termination "Haykoooo0o won by checkmate"]

1. d4 f5 2. Nf3 Nf6 3. e3 g6 4.
Bd3 Bg7 5. O-O O-O 6. b3 d6 7. Bb2 c6 8. Nbd2 Qe8 9. c4 a5 10. Qe2 Nbd7 11. e4 f4 12. e5 dxe5 13. dxe5 Nh5 14. Ne4 a4 15. Rfd1 h6 16. Qc2 g5 17.
e6 Ndf6 18. Nxf6+ Nxf6 19. Bg6 axb3 20. axb3 Rxa1 21. Bxe8 Rxd1+ 22. Qxd1 Rxe8 23. Qe2 Rd8 24. h3 Rd6 25. Nd4 c5 26. Nf5 Rxe6 27. Nxe7+ Kf7 28.
Qd2 Rxe7 29. Qd6 Ne4 30. Qd8 Bxb2 31. Qxc8 Bd4 32. Qf5+ Kg7 33. h4 Bxf2+ 34. Kh2 Bg3+ 35. Kg1 Nd6 36. Qc2 Re1# 0-1

[Event "Early-Titled-Tuesday-Blitz-November-28-2023"]
[Site "Chess.com"]
[Date "2023.11.28"]
[Round "6"]
[White "AC_20"]
[Black "PawnEatingZombie"]
[Result "1-0"]
[WhiteElo "2360"]
[BlackElo "2183"]
[TimeControl "180+1"]
[EndTime "9:11:51 PST"]
[Termination "AC_20 won on time"]

1. e4 e6 2. Qe2 Be7 3. g3 d5 4. Bg2 Nf6 5. exd5 exd5 6. d4 O-O 7. Be3 c6 8. Nd2 Re8 9. h3 a5 10. g4 Bd6 11. g5 Ne4 12. Bxe4 dxe4 13. O-O-O a4 14.
h4 a3 15. b3 Na6 16. h5 Nb4 17. Kb1 Nd5 18. Ka1 Bb4 19. Nb1 Qa5 20. Bd2 Bf5 21.
Bxb4 Qxb4 22. c4 Nf4 23. Qd2 Qxd2 24. Rxd2 Nd3 25. Nc3 e3 26. fxe3 Rxe3 27. Nge2 Rae8 28. d5 Bg4 29. d6 Bxe2 30. Rxe2 Rxe2 31. Nxe2 Rd8 32. Rd1 Rxd6 33. Nc1 f5 34. Rxd3 Re6 35. Kb1 Re1 36. g6 hxg6 37. hxg6 Kf8 38. Rd7 f4 39.
Rf7+ 1-0

[Event "Early-Titled-Tuesday-Blitz-November-28-2023"]
[Site "Chess.com"]
[Date "2023.11.28"]
[Round "6"]
[White "Ron_Weasley_Chess"]
[Black "vladgoncharov"]
[Result "1/2-1/2"]
[WhiteElo "2421"]
[BlackElo "2620"]
[TimeControl "180+1"]
[EndTime "9:11:52 PST"]
[Termination "Game drawn by agreement"]

1. Nf3 Nf6 2. g3 c5 3. Bg2 Nc6 4. O-O g6 5. c4 d6 6. Nc3 Bg7 7. d4 cxd4 8. Nxd4 Bd7 9. e3 O-O 10. b3 Qc8 11. Bb2 Bh3 12. Rc1 Bxg2 13. Kxg2 h5 14.
Nd5 Qd7 15. Nxc6 Qxc6 16. Bxf6 Bxf6 17. Qf3 Kg7 18. Rfd1 Rfe8 19. Qe4 Rac8 20. Nxf6 Kxf6 21. Rd5 e6 22. Qf3+ Ke7 23. Rdd1 Qxf3+ 24. Kxf3 Rc6 25. e4 Rec8 26. a4 a6 27. Rd3 b5 28.
axb5 axb5 29. Rdc3 Rc5 30. Ke3 d5 31. exd5 exd5 32.
Kd4 dxc4 33. bxc4 Kd6 34. cxb5 Rd5+ 35. Ke4 Rxc3 36. Rxc3 Rxb5 37. Kf3 1/2-1/2

[Event "Early-Titled-Tuesday-Blitz-November-28-2023"]
[Site "Chess.com"]
[Date "2023.11.28"]
[Round "6"]
[White "DvaHrasta"]
[Black "DreamsAreFake"]
[Result "1-0"]
[WhiteElo "2515"]
[BlackElo "2639"]
[TimeControl "180+1"]
[EndTime "9:11:52 PST"]
[Termination "DvaHrasta won by resignation"]

1. c4 Nf6 2. g3 e6 3. Bg2 d5 4.
Nf3 Be7 5. O-O O-O 6. d4 dxc4 7. Ne5 Nc6 8. Bxc6 bxc6 9. Nxc6 Qe8 10. Nxe7+ Qxe7 11.
Na3 e5 12. dxe5 Qxe5 13. Nxc4 Qe7 14. f3 Rd8 15. Qc2 Bh3 16. Re1 Nd5 17. e4 Nb4 18.
Qc3 Nd3 19. Rd1 Nxc1 20. Raxc1 h5 21. Ne3 Rxd1+ 22. Rxd1 h4 23. g4 Rd8 24. Rxd8+ Qxd8 25. Kf2 Qd6 26. e5 Qa6 27. Qc4 Qa5 28. b4 Qa3 29. Qb3 Qc1 30. Qd3 Qh1 31. Qd8+ Kh7 32. Qxh4+ 1-0

[Event "Early-Titled-Tuesday-Blitz-November-28-2023"]
[Site "Chess.com"]
[Date "2023.11.28"]
[Round "6"]
[White "Aslanov_Umid"]
[Black "Felix-Rose"]
[Result "1-0"]
[WhiteElo "2517"]
[BlackElo "2344"]
[TimeControl "180+1"]
[EndTime "9:11:52 PST"]
[Termination "Aslanov_Umid won by resignation"]

1. e4 e5 2. Nf3 Nc6 3. Bc4 Nf6 4. d3 Bc5 5. c3 d6 6. O-O a5 7. Bb5 O-O 8. Nbd2 Ne7 9. d4 exd4 10. cxd4 Bb6 11. h3 Ng6 12. Re1 c6 13. Bf1 Re8 14.
e5 dxe5 15. dxe5 Nxe5 16. Nxe5 Qd4 17. Nd3 Bf5 18. Nf3 Rxe1 19. Qxe1 Qd5 20. Qe5 Qd7 21.
Be3 Re8 22. Nc5 Rxe5 23. Nxd7 Rxe3 24. Nxf6+ gxf6 25. fxe3 Bxe3+ 26. Kh1 1-0

[Event "Early-Titled-Tuesday-Blitz-November-28-2023"]
[Site "Chess.com"]
[Date "2023.11.28"]
[Round "6"]
[White "Agibileg"]
[Black "alexrustemov"]
[Result "0-1"]
[WhiteElo "2661"]
[BlackElo "2870"]
[TimeControl "180+1"]
[EndTime "9:11:53 PST"]
[Termination "alexrustemov won by resignation"]

1. d4 d5 2. c4 dxc4 3. Nf3 e6 4. Nc3 a6 5. e4 b5 6. Be2 Bb7 7. O-O Nf6 8. a4 Nxe4 9. axb5 Nxc3 10. bxc3 axb5 11.
Rxa8 Bxa8 12. Ne5 Bd6 13. f4 O-O 14. Bf3 Bxf3 15. Rxf3 Nd7 16. Qe2 Nb6 17. f5 exf5 18. Rxf5 Qe8 19. Qg4 Qe6 20. Bg5 Bxe5 21. dxe5 g6 22.
Rf4 Qxg4 23. Rxg4 Nd5 24. Bd2 Re8 25. Re4 f5 26. Re1 Kf7 27. Kf2 Ke6 28. Kf3 Ra8 29. Rb1 c6 30. g4 Ra2 31. Be1 fxg4+ 0-1

[Event "Early-Titled-Tuesday-Blitz-November-28-2023"]
[Site "Chess.com"]
[Date "2023.11.28"]
[Round "6"]
[White "SashaKuzhilniy"]
[Black "vladoboch"]
[Result "1-0"]
[WhiteElo "2634"]
[BlackElo "2438"]
[TimeControl "180+1"]
[EndTime "9:11:57 PST"]
[Termination "SashaKuzhilniy won on time"]

1. d4 Nf6 2. Nf3 d5 3. c3 Bf5 4.
Qb3 Qc8 5. c4 e6 6. cxd5 exd5 7.
Nc3 c6 8. Bf4 Nbd7 9. e3 Be7 10.
h3 h6 11. Be2 O-O 12. O-O a5 13. Rac1 Ne4 14. Nxd5 Bf6 15. Nxf6+ Ndxf6 16. Rfd1 Nd5 17. Bh2 a4 18. Qa3 Qd8 19. Nd2 Re8 20. Nxe4 Bxe4 21. Qd6 a3 22. Qxd8 Rexd8 23. b3 Nb4 24. Rd2 c5 25. Rxc5 Rdc8 26. Rxc8+ Rxc8 27. Bd6 Nc2 28. f3 Bg6 29. e4 Rc6 30. d5 Rc3 31. Kf2 Ne3 32. Bb4 1-0

[Event "Early-Titled-Tuesday-Blitz-November-28-2023"]
[Site "Chess.com"]
[Date "2023.11.28"]
[Round "6"]
[White "DonCiao"]
[Black "GMthekingindian"]
[Result "0-1"]
[WhiteElo "2117"]
[BlackElo "2315"]
[TimeControl "180+1"]
[EndTime "9:11:58 PST"]
[Termination "GMthekingindian won by resignation"]

1. c4 e5 2. g3 g6 3. Bg2 Bg7 4. Nc3 Nf6 5. d3 c6 6. e4 O-O 7.
Nge2 d6 8. O-O h5 9. h3 h4 10. g4 Nh7 11. f4 f5 12. d4 fxg4 13. hxg4 Bxg4 14. dxe5 dxe5 15. Qxd8 Rxd8 16. fxe5 Bxe5 17.
Nf4 g5 18. Ng6 Bd4+ 19. Kh1 Nd7 20. Ne7+ Kg7 21. Nf5+ Bxf5 22. exf5 Ndf6 23. Ne4 Nxe4 24. Bxe4 Nf6 25. Bg2 g4 26. Bg5 h3 27. Bxf6+ Kxf6 28. Be4 g3 29. Rf3 Rg8 30. Rd3 g2+ 31. Kh2 Be5+ 32.
Kxh3 Rg5 0-1

[Event "Early-Titled-Tuesday-Blitz-November-28-2023"]
[Site "Chess.com"]
[Date "2023.11.28"]
[Round "6"]
[White "LileKoridze"]
[Black "Ramla2020"]
[Result "1-0"]
[WhiteElo "2384"]
[BlackElo "2540"]
[TimeControl "180+1"]
[EndTime "9:12:00 PST"]
[Termination "LileKoridze won by resignation"]

1. d4 Nf6 2. c4 e6 3. Nf3 Bb4+ 4.
Bd2 a5 5. g3 O-O 6. Bg2 d5 7.
O-O dxc4 8. Qc1 Nc6 9. Qxc4 Ne4 10. Be3 Be7 11. Rd1 Nb4 12. Ne5 Nd6 13. Qc1 f6 14.
Nc4 c6 15. b3 Nf5 16. Nc3 Nxe3 17. Nxe3 Nd5 18. Nexd5 exd5 19. e4 dxe4 20. Nxe4 Be6 21. Nc5 Bd5 22. Nxb7 Qb6 23. Nc5 Rad8 24. Qe3 Bxc5 25. dxc5 Qa7 26. Bxd5+ Rxd5 27. Qe6+ Qf7 28. Qxc6 Re5 29. Re1 Qh5 30. Rxe5 Qxe5 31. Rd1 h5 32. Qd5+ Rf7 33. Qxe5 fxe5 34. c6 Rc7 35. Rc1 Kf7 36.
a3 Ke6 37. b4 axb4 38. axb4 Kd6 39. b5 e4 40. Kf1 g5 41. Ke2 Rf7 42. b6 1-0

[Event "Early-Titled-Tuesday-Blitz-November-28-2023"]
[Site "Chess.com"]
[Date "2023.11.28"]
[Round "6"]
[White "GlavkonVVS"]
[Black "NovozhilovSemen"]
[Result "0-1"]
[WhiteElo "2541"]
[BlackElo "2728"]
[TimeControl "180+1"]
[EndTime "9:12:02 PST"]
[Termination "NovozhilovSemen won by resignation"]

1. c4 c5 2. Nc3 Nc6 3. g3 g6 4. Bg2 Bg7 5. Nf3 d6 6. d3 Bf5 7. O-O Qd7 8. h4 Bh3 9. a3 h6 10. Bd2 Nd4 11. Nxd4 cxd4 12. Nd5 Bxg2 13. Kxg2 e6 14.
Nf4 Ne7 15. Rh1 d5 16. Bb4 Nc6 17. cxd5 Nxb4 18. axb4 e5 19. Nh3 Qxd5+ 20. f3 O-O 21. Ra5 b5 22. h5 a6 23. Nf2 g5 24. g4 f5 25. gxf5 Rxf5 26. Ne4 Bf8 27. Qd2 Qf7 28. Rc1 g4 29. fxg4 Rf4 30. Ng3 Rxg4 31. Rh1 Qg7 32. Rh3 e4 33. dxe4 Bd6 34. Ra3 Kh8 35. Rf3 Rg8 36.
Qd3 Be5 37. b3 Qe7 38. Kf2 Qxb4 39. Rf5 Bxg3+ 40. Rxg3 Rxg3 41. Qxg3 Rxg3 42. Kxg3 Qe1+ 43. Kf3 Qf1+ 44. Kg4 Qxe2+ 45. Kf4 d3 46. Rd5 d2 0-1

[Event "Early-Titled-Tuesday-Blitz-November-28-2023"]
[Site "Chess.com"]
[Date "2023.11.28"]
[Round "6"]
[White "Leonid_Starozhilov"]
[Black "Zhigalko_Sergei"]
[Result "0-1"]
[WhiteElo "2739"]
[BlackElo "2911"]
[TimeControl "180+1"]
[EndTime "9:12:03 PST"]
[Termination "Zhigalko_Sergei won by resignation"]

1. e4 c5 2. Nf3 Nc6 3. Bb5 Nf6 4. Bxc6 dxc6 5. d3 Bg4 6. h3 Bh5 7. Nbd2 Qc7 8. a4 Nd7 9. a5 e5 10. Nc4 Be7 11. b3 f6 12. Bb2 Nf8 13. g4 Bf7 14. Nh4 Ne6 15. Nf5 Bf8 16. Qd2 h5 17. Rg1 hxg4 18. hxg4 g6 19. Nfe3 Bh6 20. Rh1 O-O-O 21. O-O-O Bg5 22. Kb1 Nd4 23. Rdf1 b5 24. Na3 Be6 25. Qd1 Qxa5 26. Ng2 Rxh1 27. Rxh1 c4 28.
f4 exf4 29. dxc4 f3 30. Ne1 Nxb3 31. Nd3 Nd2+ 0-1

[Event "Early-Titled-Tuesday-Blitz-November-28-2023"]
[Site "Chess.com"]
[Date "2023.11.28"]
[Round "6"]
[White "Alexsur1981"]
[Black "jeetjain"]
[Result "1-0"]
[WhiteElo "2848"]
[BlackElo "2538"]
[TimeControl "180+1"]
[EndTime "9:12:07 PST"]
[Termination "Alexsur1981 won by resignation"]

1. e4 Nc6 2. Nc3 d6 3. d4 Nf6 4.
d5 Nb8 5. Nf3 c6 6. Bg5 cxd5 7.
exd5 Nbd7 8. Bd3 g6 9. Qd2 Bg7 10. Bh6 O-O 11. h4 Nc5 12. Bxg7 Kxg7 13. h5 Nxd3+ 14.
Qxd3 Bf5 15. Qd2 Rh8 16. h6+ Kf8 17. O-O Rc8 18. Rfe1 Qb6 19. Rab1 Nd7 20. Nd4 Rg8 21. Qf4 Nf6 22. Re3 Rxc3 23. Rxc3 Nxd5 24. Qxf5 1-0

[Event "Early-Titled-Tuesday-Blitz-November-28-2023"]
[Site "Chess.com"]
[Date "2023.11.28"]
[Round "6"]
[White "emeli_chess"]
[Black "hakanazeri2"]
[Result "0-1"]
[WhiteElo "2375"]
[BlackElo "2557"]
[TimeControl "180+1"]
[EndTime "9:12:07 PST"]
[Termination "hakanazeri2 won by resignation"]

1. d4 d5 2. c4 c6 3. Nc3 Nf6 4. e3 e6 5. Nf3 Bd6 6. Bd3 Nbd7 7.
O-O O-O 8. e4 dxe4 9. Nxe4 Nxe4 10. Bxe4 Nf6 11. Bc2 b6 12. Qe2 Bb7 13. c5 bxc5 14.
dxc5 Bxc5 15. Rd1 Qb6 16. Bg5 Ba6 17. Qe5 Ng4 18. Qe4 f5 19. Qxe6+ Kh8 20. Ne5 Nxf2 21.
Rd7 Nh3+ 22. Kh1 Nxg5 23. Nf7+ Rxf7 0-1

[Event "Early-Titled-Tuesday-Blitz-November-28-2023"]
[Site "Chess.com"]
[Date "2023.11.28"]
[Round "6"]
[White "h4parah5"]
[Black "Andrei_Skvortsov"]
[Result "1-0"]
[WhiteElo "2935"]
[BlackElo "2728"]
[TimeControl "180+1"]
[EndTime "9:12:13 PST"]
[Termination "h4parah5 won by resignation"]

1. d4 g6 2. c3 d5 3. Bf4 Bg7 4. e3 Nd7 5. Nf3 c6 6. h3 f6 7.
Be2 e5 8. Bh2 Ne7 9. O-O e4 10. Nfd2 O-O 11. c4 Nb6 12. Nc3 f5 13. cxd5 Nbxd5 14. Nc4 Nxc3 15. bxc3 Nd5 16. Qb3 Kh8 17.
Nd6 f4 18. Nxc8 Qxc8 19. Bg4 Qc7 20. c4 Ne7 21. Rad1 g5 22. Qc2 Ng8 23. Be6 Nf6 24.
h4 h6 25. hxg5 hxg5 26. exf4 gxf4 27. Qb3 Bh6 28. Rfe1 Qh7 29. d5 Rae8 30. Qh3 Re7 31. d6 Rg7 32. Bf5 Qg8 33. Qxh6+ Nh7 34. Bxe4 Rf6 35.
Qh5 f3 36. Bxf3 Rg5 37. d7 1-0

[Event "Early-Titled-Tuesday-Blitz-November-28-2023"]
[Site "Chess.com"]
[Date "2023.11.28"]
[Round "6"]
[White "DanylaBagrov"]
[Black "Rsnr"]
[Result "1-0"]
[WhiteElo "2593"]
[BlackElo "2903"]
[TimeControl "180+1"]
[EndTime "9:12:14 PST"]
[Termination "DanylaBagrov won on time"]

1. Nf3 d5 2. c4 d4 3. b4 g5 4.
h3 h6 5. Bb2 Bg7 6. e3 e5 7.
exd4 exd4 8. Bd3 Ne7 9. O-O O-O 10. Na3 Nbc6 11. Nc2 a5 12. a3 Bf5 13. Bxf5 Nxf5 14.
d3 axb4 15. axb4 Rxa1 16. Qxa1 Re8 17. b5 Ne5 18. Nxe5 Bxe5 19. Qa7 b6 20. Nb4 Qd6 21. Nd5 Bh2+ 22. Kh1 Bg3 23. Bxd4 Nxd4 24. fxg3 Rc8 25. Qb7 Qe6 26. Qxc8+ 1-0

[Event "Early-Titled-Tuesday-Blitz-November-28-2023"]
[Site "Chess.com"]
[Date "2023.11.28"]
[Round "6"]
[White "ATM622"]
[Black "infantaria08"]
[Result "1-0"]
[WhiteElo "2457"]
[BlackElo "2221"]
[TimeControl "180+1"]
[EndTime "9:12:14 PST"]
[Termination "ATM622 won by resignation"]

1. d4 Nf6 2. c4 e6 3. g3 Bb4+ 4. Nd2 c5 5. dxc5 O-O 6. Bg2 Na6 7. Nf3 Rb8 8. O-O Nxc5 9. a3 Bxd2 10. Bxd2 b6 11. Bf4 Ra8 12. b4 Nb7 13. Ne5 d5 14.
Nc6 Qd7 15. cxd5 Nxd5 16. Bxd5 exd5 17. Qxd5 Qxd5 18. Ne7+ Kh8 19. Nxd5 Be6 20. Nc7 Rac8 21. Nxe6 fxe6 22. Rac1 a5 23. Be3 b5 24. Bb6 axb4 25. axb4 Nd6 26. Bc5 Rcd8 27. Rfd1 Ne4 28. Bxf8 Rxf8 29. f3 Nf6 30. Rc6 Re8 31. e4 Kg8 32.
Rc7 Rb8 33. Rd6 e5 34. Ra6 Rd8 35. Raa7 Rd1+ 36. Kg2 Rd2+ 37. Kf1 g5 38. Rc8+ 1-0

[Event "Early-Titled-Tuesday-Blitz-November-28-2023"]
[Site "Chess.com"]
[Date "2023.11.28"]
[Round "6"]
[White "inagreV"]
[Black "FMStan15"]
[Result "1-0"]
[WhiteElo "2426"]
[BlackElo "2068"]
[TimeControl "180+1"]
[EndTime "9:12:15 PST"]
[Termination "inagreV won by resignation"]

1. d4 Nf6 2. c4 g6 3. Nc3 Bg7 4.
Nf3 d6 5. Bf4 O-O 6. h3 Nbd7 7. e3 c5 8. Be2 cxd4 9. exd4 a6 10. O-O Re8 11. Re1 b6 12. Bf1 Bb7 13. d5 Rc8 14.
Rc1 a5 15. Nd4 Nc5 16. Ncb5 Nfd7 17. Na7 Ra8 18. Nac6 Bxc6 19. Nxc6 Qc7 20. Nxe7+ Kh8 21. b3 Ne5 22. Bxe5 Rxe7 23. Bxg7+ Kxg7 24. Rc3 Qd7 25. Qd4+ Kg8 26. Rxe7 Qxe7 27. Re3 Qd8 28. h4 h5 29. g3 Ra7 30. a3 Nd7 31. Be2 Ne5 32. f4 Ng4 33.
Bxg4 hxg4 34. Kf2 Qf8 35. Qxb6 Re7 36. Qxd6 Rxe3 37. Qxf8+ Kxf8 38. Kxe3 1-0

[Event "Early-Titled-Tuesday-Blitz-November-28-2023"]
[Site "Chess.com"]
[Date "2023.11.28"]
[Round "6"]
[White "KononenkoD"]
[Black "Boundless_Strike"]
[Result "1-0"]
[WhiteElo "2524"]
[BlackElo "2648"]
[TimeControl "180+1"]
[EndTime "9:12:16 PST"]
[Termination "KononenkoD won by resignation"]

1. d4 e5 2. dxe5 d6 3. exd6 Bxd6 4. g3 Nc6 5. Bg2 Qe7 6. Nf3 Bg4 7. Nbd2 O-O-O 8.
O-O Nf6 9. c3 h5 10. h4 g5 11.
Nxg5 Bxe2 12. Qe1 Rhe8 13. Nb3 Ng4 14. Ne4 Bxf1 15. Qxf1 f6 16. Bd2 Qh7 17. Re1 Bf8 18. Qb5 a6 19. Qa4 Qd7 20. Re2 Qd3 21. Bf1 Qf3 22.
Bf4 Qd3 23. Re1 f5 24. Bxd3 Rxd3 25. Nd6+ 1-0

[Event "Early-Titled-Tuesday-Blitz-November-28-2023"]
[Site "Chess.com"]
[Date "2023.11.28"]
[Round "6"]
[White "NovoselovRoman"]
[Black "IM_ArthurDW08"]
[Result "0-1"]
[WhiteElo "2553"]
[BlackElo "2790"]
[TimeControl "180+1"]
[EndTime "9:12:20 PST"]
[Termination "IM_ArthurDW08 won on time"]

1. e4 c5 2. Nc3 d6 3. g3 g6 4. Bg2 Bg7 5. d3 Nc6 6. Be3 Nf6 7. h3 O-O 8. f4 Rb8 9. a4 a6 10. Nge2 Nd7 11. d4 b5 12. axb5 axb5 13. dxc5 Nxc5 14. e5 Na5 15. Bd4 b4 16. Nd5 Ne6 17. Rxa5 Qxa5 18. Nxe7+ Kh8 19. exd6 Nxd4 20. Nxd4 Qc5 21. Ndc6 Ba6 22.
Qf3 Qxc2 23. Nxb8 Qc1+ 24. Kf2 Bd4+ 0-1

[Event "Early-Titled-Tuesday-Blitz-November-28-2023"]
[Site "Chess.com"]
[Date "2023.11.28"]
[Round "6"]
[White "Sconko"]
[Black "juniortay"]
[Result "0-1"]
[WhiteElo "2248"]
[BlackElo "2492"]
[TimeControl "180+1"]
[EndTime "9:12:20 PST"]
[Termination "juniortay won by resignation"]

1. e4 c5 2. Nc3 Nc6 3. Bb5 Na5 4. f4 a6 5. Be2 b5 6. Nf3 Bb7 7. d3 d6 8. O-O Nf6 9. a3 g6 10. Qe1 Bg7 11. Qh4 Nc6 12. f5 Nd4 13. Bh6 Bxh6 14. Qxh6 Nxc2 15. fxg6 fxg6 16. Ng5 Qb6 17. Ne6 Kd7 18.
Rxf6 Nxa1 19. Bg4 Rae8 20. Rf7 Kc8 21. Nxc5+ Kb8 22. d4 dxc5 23. Qf4+ Qd6 24. e5 Qxd4+ 25. Qxd4 cxd4 26. Ne2 d3 27. Nc3 Rhf8 28. e6 0-1

[Event "Early-Titled-Tuesday-Blitz-November-28-2023"]
[Site "Chess.com"]
[Date "2023.11.28"]
[Round "6"]
[White "salomez"]
[Black "Mikhail_Golubev"]
[Result "0-1"]
[WhiteElo "2401"]
[BlackElo "2583"]
[TimeControl "180+1"]
[EndTime "9:12:23 PST"]
[Termination "Mikhail_Golubev won on time"]

1. e4 c5 2. Nf3 d6 3. d4 Nf6 4.
Nc3 cxd4 5. Nxd4 g6 6. Be2 Bg7 7. O-O O-O 8. Bg5 Nc6 9. Nb3 Be6 10. Kh1 Na5 11. Nd4 Bc4 12. b3 Bxe2 13.
Ndxe2 Rc8 14. f4 Nc6 15. Rf3 b5 16. a3 a5 17. Rc1 b4 18. axb4 axb4 19. Bxf6 Bxf6 20.
Nd5 Bb2 21. Rb1 Bg7 22. Qd3 f5 23. exf5 Rxf5 24. Re1 e6 25. Ng3 Rxd5 26. Qe4 Nd4 27. Rd3 Qf6 28. f5 Re5 29. Rxd4 Rxe4 30. Rdxe4 exf5 31. Re6 Qc3 0-1